 Dungeon Crawl Stone Soup version 0.31-a0-986-g5e6e4ef867 (webtiles) character file.

Game seed: 3794400098836400700

81 garrulousMonolith the Sneak (level 4, -12/21 HPs)
             Began as a Spriggan Enchanter on Nov 13, 2023.
             Blown up by Ijyb (14 damage)
             ... with a mindburst bolt
             ... on level 3 of the Dungeon.
             The game lasted 00:05:05 (2402 turns).

garrulousMonolith the Sneak (Spriggan Enchanter)    Turns: 2402, Time: 00:05:06

Health: -12/21     AC:  2    Str:  4    XL:     4   Next: 20%
Magic:  9/9        EV: 22    Int: 18    God:
Gold:   96         SH:  0    Dex: 15    Spells: 4/9 levels left

rFire   . . .        s - +3 short sword "Cusch" {vamp, rElec rN+ rCorr SInv}
rCold   . . .        (no shield)
rNeg    + . .        b - +0 robe
rPois   .            (helmet restricted)
rElec   +            (no cloak)
rCorr   +            (gloves unavailable)
SInv    +            (boots unavailable)
Will    .....        (no amulet)
Stlth   +++          k - +5 ring of evasion
HPRegen 0.23/turn    (no ring)
MPRegen 0.11/turn

%: no passive effects
@: very quick
A: very small, no large weapons, unfitting armour, see invisible, speed 3
a: no special abilities


You were on level 3 of the Dungeon.
You visited 1 branch of the dungeon, and saw 3 of its levels.

You collected 184 gold pieces.
You spent 88 gold pieces at shops.

Inventory:

Hand Weapons
 a - a +1 dagger
 j - a +0 rapier
 n - a +0 sling
 s - the +3 short sword "Cusch" (weapon) {vamp, rElec rN+ rCorr SInv}
   (You found it on level 3 of the Dungeon)

   rElec:     It insulates you from electricity.
   rN+:       It protects you from negative energy.
   SInv:      It lets you see invisible.
   rCorr:     It protects you from acid and corrosion.
Missiles
 i - 5 poisoned darts
Armour
 b - a +0 robe (worn)
 l - a +0 buckler
 t - an orb of guile
Jewellery
 k - a +5 ring of evasion (left hand)
 m - a +4 ring of protection
Talismans
 f - a flux talisman
Wands
 r - a wand of flame (21)
Scrolls
 d - a scroll of teleportation {unknown}
 g - a scroll of vulnerability {unknown}
 h - a scroll of blinking
 p - a scroll of identify
 q - a scroll of revelation {unknown}
Potions
 c - 2 potions of invisibility
 e - a potion of heal wounds
 o - 2 potions of curing


   Skills:
 + Level 0.7 Fighting
 * Level 2.3 Short Blades
 + Level 3.2 Dodging
 + Level 5.0 Stealth
 + Level 3.1 Spellcasting
 * Level 4.4 Hexes


You had 4 spell levels left.
You knew the following spells:

 Your Spells              Type           Power      Damage    Failure   Level
a - Ensorcelled Hibernat  Hex/Ice        20%        N/A       10%         2
b - Confusing Touch       Hex            18%        N/A       8%          3

Your spell library contained the following spells:

 Spells                   Type           Power      Damage    Failure   Level
 Tukima's Dance           Hex            18%        N/A       8%          3
 Summon Small Mammal      Summ           8%         N/A       16%         1
 Dazzling Flash           Conj/Hex       20%        N/A       19%         3
 Summon Guardian Golem    Hex/Summ       10%        N/A       19%         3
 Wereblood                Tmut           2%         N/A       24%         2
 Call Canine Familiar     Summ           2%         N/A       43%         3
 Irradiate                Conj/Tmut      1%         3d12      99%         5


Dungeon Overview and Level Annotations

Branches:
Dungeon (3/15)

Altars:
Wu Jian

Shops:
D:1 *   D:3 !

Annotations:
D:3 Ijyb


Innate Abilities, Weirdness & Mutations

You are very small and have problems with some larger weapons.
You are too small for most types of armour.
You have supernaturally acute eyesight. (SInv)
You cover ground extremely quickly. (Speed+++)


Message History

Casting: Ensorcelled Hibernation (safe; 10% risk of failure)
Confirm with . or Enter, or press ? or * to list all spells.
Aiming: Ensorcelled Hibernation (safe; 10% risk of failure)
Press: ? - help, Shift-Dir - straight line, f - bat
Aim: a bat (chance to affect: 62%)
The bat looks drowsy...
Found a jewelled short sword.
The helpless bat fails to defend itself.
You impale the bat!!
You kill the bat!
r - a wand of flame (21)
You now have enough gold to buy a cloak on D:1.
You can access your shopping list by pressing '$'.
You now have 89 gold pieces (gained 26).
Things that are here:
a +0 club; a goblin corpse You now have 96 gold pieces (gained 7).
You see here the +3 short sword "Cusch" {vamp, rElec rN+ rCorr SInv}.
s - the +3 short sword "Cusch" {vamp, rElec rN+ rCorr SInv} You feel a sense of dread.
s - the +3 short sword "Cusch" (weapon)
{vamp, rElec rN+ rCorr SInv} You start resting.
Magic restored.
You see here a +0 pair of boots.
Found an escape hatch in the ceiling.
There is an escape hatch in the ceiling here.
You see here an orb of guile.
Ijyb the Twisted Goblin comes into view.
She is wielding a +0 dagger and carrying a wand of mindburst.
You see here an orb of guile.
As you open the door, it creaks loudly!
You hear a shout! x2
There is an open door here.
Ijyb grins evilly.
Ijyb zaps a wand.
Your mind is blasted!
Ouch! That really hurt!
* * * LOW HITPOINT WARNING * * *
You see here an orb of guile.
t - an orb of guile Ijyb zaps a wand.
Your mind is blasted!
Ouch! That really hurt!
You die...

.g........######## #...
............. ...# #...
...g.........#####.###...
..............##.....[....
..........?...##.##.##....
..............##.##.##....
..............##.##.#.....
............<.............
.........@...###..........
.............# #######....
######'#####.... .......
#.# .### ####... #.# .#
##.. #.# .# #.# #.# .# ##
..# ###


You could see Ijyb.

Vanquished Creatures
  An orc priest (D:3)
  An adder (D:2)
  A dart slug (D:3)
  4 orcs (D:3)
  3 endoplasms
  3 giant cockroaches (D:2)
  3 goblins
  4 hobgoblins
  A quokka (D:1)
  2 ball pythons
  4 bats
  2 frilled lizards
  4 kobolds
  3 rats
36 creatures vanquished.

Notes
Turn   | Place    | Note
-------+----------+-------------------------------------------
     0 | D:1      | garrulousMonolith the Spriggan Enchanter began the quest
                  | for the Orb.
     0 | D:1      | Reached XP level 1. HP: 9/9 MP: 5/5
    77 | D:1      | Found Xakabloq's Assorted Antiques.
   810 | D:2      | Reached XP level 2. HP: 7/13 MP: 6/6
   813 | D:2      | Learned a level 2 spell: Ensorcelled Hibernation
  1633 | D:2      | Reached XP level 3. HP: 17/17 MP: 8/8
  1637 | D:2      | Learned a level 3 spell: Confusing Touch
  1862 | D:3      | Found Ireessex's Distillery.
  1906 | D:3      | Bought a potion of heal wounds for 55 gold pieces
  1906 | D:3      | Bought a potion of curing for 33 gold pieces
  1989 | D:3      | Reached XP level 4. HP: 21/21 MP: 2/9
  2149 | D:3      | Reached skill level 5 in Stealth
  2210 | D:3      | Found an ornate altar of the Wu Jian Council.
  2315 | D:3      | Identified the +3 short sword "Cusch" {vamp, rElec rN+
                  | rCorr SInv}
  2395 | D:3      | Noticed Ijyb
  2402 | D:3      | Blown up by Ijyb

Illustrated notes

Levels and vault maps discovered:
D:1:      wander_arrival_peaceful_grave, layout_loops_ring, serial_shops,
          nicolae_shop_hallway_plus
D:2:      layout_loops_corners, kennysheep_another_room, kennysheep_flooded_box,
          minmay_statues_item
D:3:      layout_basic, mainiacjoe_overflow_chevrons, serial_shops,
          nicolae_shop_industrial_runoff, uniq_ijyb

Skill      XL: |  1  2  3  4 |
---------------+-------------+-----
Hexes          | 4 |  4.4
Short Blades   | 2 |  2.3
Dodging        | 3 |  3.2
Spellcasting   | 3 |  3.1
Stealth        | 5 |  5.0
Fighting       | |  0.7

Action                     |  1- 3 |  4- 6 || total
---------------------------+-------+-------++-------
  Melee: Dagger            |    62 |     6 ||    68
         Punch             |     1 |       ||     1
   Cast: Ensorcelled Hiber |    15 |     6 ||    21
    Use: Scroll            |     3 |       ||     3
   Stab: Sleeping          |    18 |     5 ||    23
 Armour: Robe              |    18 |     1 ||    19
  Dodge: Dodged            |    26 |     5 ||    31

Table legend: (Time is in decaauts)
 A = Elapsed time spent in this place.
 B = Non-inter-level travel time spent in this place.
 C = Inter-level travel time spent in this place.
 D = Time resting spent in this place.
 E = Time spent auto-exploring this place.
 F = Levels seen in this place.
 G = Mean time per level.
                   A        B        C        D        E       F      G
               +--------+--------+--------+--------+--------+-----+--------+
         Total |   1714 |   1686 |     28 |    345 |    956 |   3 |  571.3 |
       Dungeon |   1714 |   1686 |     28 |    345 |    956 |   3 |  571.3 |
               +--------+--------+--------+--------+--------+-----+--------+

Top non-repeatable levels by time:
     D:2: 718 daAuts
     D:1: 538 daAuts
     D:3: 458 daAuts
